 Dungeon Crawl Stone Soup version 0.28-a0-247-gb8bfbab023 (webtiles) character file.

Game seed: 9969275980974286504

772 skittles the Slasher (level 7, 0/61 HPs)
             Began as a Minotaur Monk on Aug 25, 2021.
             Was a Believer of the Shining One.
             Slain by a gnoll (3 damage)
             ... on level 5 of the Dungeon.
             The game lasted 00:10:33 (5704 turns).

skittles the Slasher (Minotaur Monk)                Turns: 5704, Time: 00:10:33

Health: 0/61       AC:  5    Str: 18    XL:     7   Next: 53%
Magic:  0/6        EV: 12    Int:  7    God:    the Shining One [**....]
Gold:   153        SH:  0    Dex: 12    Spells: 6/6 levels left

rFire   . . .      SeeInvis .   a - +0 falchion
rCold   . . .      Faith    .   (no shield)
rNeg    + . .      Spirit   +   f - +0 ring mail
rPois   .          Reflect  .   (helmet restricted)
rElec   .          Harm     .   (no cloak)
rCorr   +          Rampage  .   (no gloves)
Will    .....                   (no boots)
Stlth   +.........              i - amulet of guardian spirit
HPRegen 0.20/turn               e - ring of resist corrosion
MPRegen 0.10/turn               (no ring)

@: glowing
A: horns 2, retaliatory headbutt
a: Renounce Religion, Divine Shield


You were on level 5 of the Dungeon.
You worshipped the Shining One.
The Shining One was pleased with you.
You visited 2 branches of the dungeon, and saw 6 of its levels.

You collected 153 gold pieces.

Inventory:

Hand Weapons
 a - a +0 falchion (weapon)
 c - a +2 spear of flaming
 d - a +0 flail
 k - a +0 long sword
 m - a +0 flail
 n - a +0 shortbow
Missiles
 g - 21 poisoned darts (quivered)
 o - 70 arrows
Armour
 b - a +0 robe
 f - a +0 ring mail (worn)
Jewellery
 e - a ring of resist corrosion (left hand)
 i - an amulet of guardian spirit (around neck)
 p - an amulet of magic regeneration
Wands
 q - a wand of iceblast (9)
 r - a wand of charming (6)
Scrolls
 h - 4 scrolls of fear
 j - 2 scrolls of identify
 l - a scroll of immolation
Potions
 s - a potion of attraction {unknown}


   Skills:
 - Level 5.6 Fighting
 * Level 7.3 Long Blades
 * Level 4.1 Bows
 + Level 1.8 Armour
 - Level 4.8 Dodging
 - Level 1.5 Stealth


You had 6 spell levels left.
You didn't know any spells.
Your spell library contained the following spells:

 Spells                   Type           Power      Damage    Failure   Level
 Stone Arrow              Conj/Erth      0%         3d7       94%         3
 Bolt of Magma            Conj/Fire/Erth 0%         4d4       100%        5
 Shatter                  Erth           0%         3d5*      100%        9


Dungeon Overview and Level Annotations

Branches:
Dungeon (5/15)             Temple (1/1) D:5

Altars:
Cheibriados
Dithmenos
Fedhas
Gozag
Hepliaklqana
Kikubaaqudgha
Makhleb
Nemelex Xobeh
Okawaru
Qazlal
Sif Muna
Trog
Uskayaw
Vehumet
Wu Jian
Xom
Yredelemnul
The Shining One


Innate Abilities, Weirdness & Mutations

You have a pair of horns on your head.
You reflexively headbutt those who attack you in melee.


Message History

You are too injured to fight recklessly!
You are too injured to fight recklessly!
You are too injured to fight recklessly!
You are too injured to fight recklessly!
You are too injured to fight recklessly!
You are too injured to fight recklessly!
You are too injured to fight recklessly!
The gnoll hits you from afar with a +0 halberd.
The gnoll shaman calls upon its god to speed up the gnoll.
The gnoll seems to speed up.
You fail to use your ability.
The gnoll hits you from afar with a +0 halberd!
* * * LOW HITPOINT WARNING * * *
The gnoll closely misses you.
You hit the gnoll shaman but do no damage.
You headbutt the gnoll shaman.
The gnoll shaman is heavily wounded.
The gnoll barely misses you.
A gnoll comes into view. It is wielding a +0 whip.
You slash the gnoll shaman!
The gnoll shaman is almost dead.
The gnoll misses you.
The gnoll shaman hits you with a +0 club.
* * * LOW HITPOINT WARNING * * *
The gnoll hits you from afar with a +0 halberd!
* * * LOW HITPOINT WARNING * * *
You hit the gnoll shaman.
You kill the gnoll shaman!
The Shining One accepts your kill.
The gnoll hits you from afar with a +0 halberd.
* * * LOW HITPOINT WARNING * * *
Unknown command.
The gnoll misses you. The gnoll closely misses you. x2
There is an open door, spattered with blood here.
Items here: )) [ ††.
Unknown command.
You hit the gnoll.
The gnoll is lightly wounded.
The gnoll hits you with a +0 club.
You die...

.#..##....#...##..#
#.#..#....#.###..# #
#....#.#..#.###..#
#.##..#...##........
#.##.........#######
#....##########.....
.....##.## ###.###.
### #.# # ....##.
#@# #.##..##.
#.gg...# #........
#.g....# ###.....
#...?..# #.....
#.###### ###..... ..
......... ..
#.###..... #.#
#..... ...####.


You could see 3 gnolls.

Vanquished Creatures
  An ogre (D:5)
  2 centaurs
  A phantom (D:5)
  A jelly (D:5)
  A bullfrog skeleton (D:4)
  A centaur skeleton (D:3)
  A gnoll shaman (D:5)
  3 orc wizards
  4 gnolls
  10 adders
  A shadow imp (D:4)
  An ufetubus (D:4)
  2 adder skeletons
  2 worms
  2 dart slugs
  8 orcs
  7 endoplasms
  4 giant cockroaches
  8 goblins
  5 hobgoblins
  20 jackals
  6 quokkas
  5 ball pythons
  3 bats
  2 frilled lizards (D:1)
  7 kobolds
  5 rats
113 creatures vanquished.

Notes
Turn   | Place    | Note
-------+----------+-------------------------------------------
     0 | D:1      | skittles the Minotaur Monk began the quest for the Orb.
     0 | D:1      | Reached XP level 1. HP: 19/19 MP: 0/0
   399 | D:1      | Reached XP level 2. HP: 21/27 MP: 1/1
   424 | D:1      | Reached skill level 4 in Long Blades
   764 | D:1      | Reached XP level 3. HP: 33/33 MP: 2/2
  1844 | D:2      | Reached XP level 4. HP: 40/41 MP: 3/3
  2308 | D:2      | Reached skill level 5 in Fighting
  2513 | D:3      | Reached skill level 5 in Long Blades
  2526 | D:3      | Noticed a centaur
  2539 | D:3      | Killed a centaur
  2540 | D:3      | Reached XP level 5. HP: 13/48 MP: 2/4
  2908 | D:3      | Reached skill level 1 in Bows
  2968 | D:3      | Reached XP level 6. HP: 12/56 MP: 0/5
  3421 | D:3      | Reached skill level 6 in Long Blades
  4659 | D:4      | Found a burning altar of Makhleb.
  5070 | D:5      | Entered Level 5 of the Dungeon
  5097 | D:5      | Reached XP level 7. HP: 61/61 MP: 6/6
  5117 | D:5      | Reached skill level 1 in Armour
  5198 | D:5      | Reached skill level 7 in Long Blades
  5612 | D:5      | Found a staircase to the Ecumenical Temple.
  5621 | Temple   | Entered the Ecumenical Temple
  5657 | Temple   | Became a worshipper of the Shining One
  5657 | Temple   | Reached * piety under the Shining One
  5657 | Temple   | Reached ** piety under the Shining One
  5702 | D:5      | HP: 3/61 [gnoll (5)]
  5704 | D:5      | Slain by a gnoll

Illustrated notes

Levels and vault maps discovered:
D:1:      minmay_arrival_split_and_join, layout_loops_ring
D:2:      layout_loops_corners
D:3:      layout_rooms
D:4:      layout_basic, mainiacjoe_overflow_catwalk
D:5:      layout_basic, minmay_temple_entry_mini_moons
Temple:   grunt_wide_crystal_templ

Skill      XL: |  1  2  3  4  5  6  7 |
---------------+----------------------+-----
Fighting       | 4 5 |  5.6
Long Blades    | 4 5 6 7 |  7.3
Dodging        | 4 |  4.8
Bows           | 1 3 4 |  4.1
Armour         | 1 |  1.8
Stealth        | |  1.5

Action                   |  1- 3 |  4- 6 |  7- 9 || total
-------------------------+-------+-------+-------++-------
Melee: Falchion          |    78 |   133 |    47 ||   258
       Headbutt          |    14 |    27 |     9 ||    50
       Long sword        |     4 |     9 |       ||    13
 Fire: Shortbow          |       |    34 |       ||    34
  Use: Potion            |       |     5 |     1 ||     6
       Scroll            |       |     4 |       ||     4
 Stab: Sleeping          |     3 |       |       ||     3
Armor: Robe              |     3 |       |       ||     3
       Ring mail         |    29 |    59 |    15 ||   103
Dodge: Dodged            |    51 |    98 |    27 ||   176
       Rpst.: Falchion   |    11 |    20 |     7 ||    38
       Long sword        |       |     3 |       ||     3

Table legend: (Time is in decaauts)
 A = Elapsed time spent in this place.
 B = Non-inter-level travel time spent in this place.
 C = Inter-level travel time spent in this place.
 D = Time resting spent in this place.
 E = Time spent auto-exploring this place.
 F = Levels seen in this place.
 G = Mean time per level.
                   A        B        C        D        E       F      G
               +--------+--------+--------+--------+--------+-----+--------+
         Total |   5712 |   5531 |    181 |   1467 |   3140 |   6 |  952.0 |
       Dungeon |   5656 |   5475 |    181 |   1467 |   3140 |   5 | 1131.2 |
        Temple |     55 |     55 |      0 |      0 |      0 |   1 |   55.0 |
               +--------+--------+--------+--------+--------+-----+--------+

Top non-repeatable levels by time:
     D:4: 1408 daAuts
     D:2: 1310 daAuts
     D:1: 1195 daAuts
     D:3: 1165 daAuts
     D:5: 576 daAuts
  Temple: 55 daAuts
